cohdb
Replays
Latest Replays
All Replays
Popular Replays
Top Player Replays
Match Explorer
How It Works
Community
CoH3 Stats
Reddit
Sign in to upload your games and track your stats! →
Sign in with Steam
Match 44338426
Unlisted
Match 44338426
Overview
Messages
Build Orders
End
Construct Section Command Post
Selects Australian Defense Battlegroup
Selects Australian Light Infantry Section
Australian Light Infantry Section
Dingo Light Scout Car
Australian Light Infantry Section
Australian Light Infantry Section
Construct Platoon Command Post
Unlock M3 Stuart Light Tanks
M3 Stuart Light Tank
M3 Stuart Light Tank
M3 Stuart Light Tank
Light Vehicle Training
Selects Defensive Tactics
Selects Hold the Line!
Selects CMP 15cwt Supply Run
M3 Stuart Light Tank
M3 Stuart Light Tank
M3 Stuart Light Tank
Arn
Alekel
76561197987473845
Mecska
BES2
sergio
ManFrau
̶H̶e̶c̶t̶o̶r̶
0
0
Comments
sign in to comment!
No comments posted yet!